 Dungeon Crawl Stone Soup version 0.28-a0-1227-ga9037bb4c8 (webtiles) character file.

Game seed: 15619247060303475546

66 Sabo the Stinger (level 3, -1/24 HPs)
             Began as a Demonspawn Venom Mage on Dec 22, 2021.
             Succumbed to an adder's poison
             ... on level 2 of the Dungeon.
             The game lasted 00:10:15 (1606 turns).

Sabo the Stinger (Demonspawn Venom Mage)            Turns: 1606, Time: 00:10:16

Health: -1/24      AC:  2    Str:  8    XL:     3   Next: 96%
Magic:  6/7        EV: 12    Int: 18    God:
Gold:   40         SH:  0    Dex: 13    Spells: 6/7 levels left

rFire   . . .      SeeInvis .   h - +2 dagger (venom)
rCold   . . .      Faith    .   (no shield)
rNeg    . . .      Spirit   .   a - +0 robe
rPois   .          Reflect  .   (no helmet)
rElec   .          Harm     .   j - scarf {repulsion}
rCorr   .          Rampage  .   (no gloves)
Will    .....                   (no boots)
Stlth   ++........              (no amulet)
HPRegen 0.08/turn               (no ring)
MPRegen 0.10/turn               (no ring)

@: lethally poisoned (-1 -> -14), repel missiles
A: demonic guardian 1, demonic touch 1
a: no special abilities


You were on level 2 of the Dungeon.
You visited 1 branch of the dungeon, and saw 2 of its levels.

You collected 40 gold pieces.

Inventory:

Hand Weapons
 b - a +2 lajatang of distortion
 h - a +2 dagger of venom (weapon)
Missiles
 d - 98 stones
 g - 27 arrows
 i - 17 bolts
Armour
 a - a +0 robe (worn)
 j - a scarf of repulsion (worn)
 k - a +0 cloak
Potions
 c - 2 potions of invisibility {unknown}
 e - a potion of mutation {unknown}
 f - a potion of brilliance {unknown}


   Skills:
 + Level 2.1 Dodging
 + Level 2.0 Stealth
 + Level 2.7 Spellcasting
 + Level 1.5 Transmutations
 + Level 3.7 Poison Magic


You had 6 spell levels left.
You knew the following spells:

 Your Spells              Type           Power      Damage    Failure   Level
a - Sting                 Tmut/Pois      44%        1d5       6%          1

Your spell library contained the following spells:

 Spells                   Type           Power      Damage    Failure   Level
 Poisonous Vapours        Pois/Air       18%        N/A       12%         2
 Corpse Rot               Necr/Air       4%         N/A       26%         2
 Mephitic Cloud           Conj/Pois/Air  6%         N/A       30%         3
 Olgreb's Toxic Radiance  Pois           15%        N/A       34%         4
 Dispel Undead            Necr           2%         3d7       86%         4
 Death Channel            Necr           1%         N/A       100%        6


Dungeon Overview and Level Annotations

Branches:
Dungeon (2/15)

Altars:


Innate Abilities, Weirdness & Mutations

A weak demonic guardian rushes to your aid.
Your touch may inflict minor irresistible damage on your foes.


Message History

Natasha closely misses you.
You closely miss Natasha.
Natasha is almost dead.
You kill Natasha!
Natasha growls in agony!
Your Stealth skill increases to level 2!
You start resting.
Your magical contamination has completely faded away.
You start resting.
Magic restored.
c - 2 fuming amethyst potions (gained 1)
An adder comes into view.
A ball python comes into view.
The adder hisses angrily.
The adder bites you but does no damage.
You miss the adder. The adder bites you.
You barely miss the adder. The adder bites you.
You are poisoned.
The adder poisons you!
You closely miss the adder. Your touch misses the adder.
You feel sick. The adder bites you.
You are more poisoned.
The adder poisons you! The adder bites you.
You hit the adder.
The adder is moderately wounded.
You feel very sick.
The ball python hisses angrily.
The adder bites you.
* * * LOW HITPOINT WARNING * * *
A demonic guardian appears!
You are more poisoned.
The adder poisons you!
Unknown command.
* * * LOW HITPOINT WARNING * * *
You feel very sick. The adder closely misses you.
Your white imp gestures at the adder.
The puff of frost hits the adder!
The adder dies!
You die...

##..######..####.######.
##..######..# #.#
............# #.#
##########.## #.# #.#
#.# #.#####.###
#>........# #######.#.#
#@#.# ###.# # #.†.#
..........#
###....5....S
#.#.#######.. #.#. . #.
# #.


You could see a friendly white imp (summoned).

Vanquished Creatures
  Natasha (D:2)
  A gnoll (D:1)
  An endoplasm (D:1)
  A goblin (D:1)
  5 hobgoblins
  3 quokkas
  2 ball pythons (D:1)
  A bat (D:1)
  2 frilled lizards (D:1)
  3 kobolds
  A rat (D:1)
21 creatures vanquished.

Vanquished Creatures (collateral kills)
  An adder (D:2)
1 creature vanquished.

Grand Total: 22 creatures vanquished

Notes
Turn   | Place    | Note
-------+----------+-------------------------------------------
     0 | D:1      | Sabo the Demonspawn Venom Mage began the quest for the Orb.
     0 | D:1      | Reached XP level 1. HP: 13/13 MP: 3/3
   511 | D:1      | Reached skill level 1 in Transmutations
   511 | D:1      | Gained mutation: A weak demonic guardian rushes to your
                  | aid. [demonic ancestry]
   511 | D:1      | Reached XP level 2. HP: 19/19 MP: 3/5
  1493 | D:2      | Gained mutation: Your touch may inflict minor irresistible
                  | damage on your foes. [demonic ancestry]
  1493 | D:2      | Reached XP level 3. HP: 24/24 MP: 4/6
  1549 | D:2      | Noticed Natasha
  1555 | D:2      | Killed Natasha
  1606 | D:2      | Succumbed to an adder's poison

Illustrated notes

Levels and vault maps discovered:
D:1:      minmay_arrival_jagged, layout_loops_corners
D:2:      layout_loops_ring, minmay_gold_behind_fungi, minmay_misc_feat_roman,
          uniq_robin, uniq_natasha, uniq_sigmund

Skill      XL: |  1  2  3 |
---------------+----------+-----
Dodging        | 2 |  2.1
Transmutations | 1 |  1.5
Stealth        | 2 |  2.0
Spellcasting   | |  2.7
Poison Magic   | |  3.7

Action                   || total
-------------------------++-------
Melee: Dagger            ||    26
 Cast: Sting             ||    25
Armor: Robe              ||     6
Dodge: Dodged            ||    18

Table legend: (Time is in decaauts)
 A = Elapsed time spent in this place.
 B = Non-inter-level travel time spent in this place.
 C = Inter-level travel time spent in this place.
 D = Time resting spent in this place.
 E = Time spent auto-exploring this place.
 F = Levels seen in this place.
 G = Mean time per level.
                   A        B        C        D        E       F      G
               +--------+--------+--------+--------+--------+-----+--------+
         Total |   1604 |   1599 |      5 |    385 |      0 |   2 |  802.0 |
       Dungeon |   1604 |   1599 |      5 |    385 |      0 |   2 |  802.0 |
               +--------+--------+--------+--------+--------+-----+--------+

Top non-repeatable levels by time:
     D:1: 1481 daAuts
     D:2: 123 daAuts
